 Dungeon Crawl Stone Soup version 0.32-a0-630-g46d191b0ed (webtiles) character file.

Game seed: 14197985414666267333

3423 backslashecho the Grappler (level 9, -3/74 HPs)
             Began as a Grey Draconian Shapeshifter on Mar 7, 2024.
             Was a Follower of Uskayaw.
             Slain by an orc warrior
             ... wielding the +1 glaive "Irogreem" {freeze, rF++ rC- Will- Str+8}
              (6 damage)
             ... in a bailey.
             The game lasted 00:16:10 (6166 turns).

backslashecho the Grappler (DrSh)                   Turns: 6166, Time: 00:16:10

Health: -3/74      AC: 12    Str: 18    XL:     9   Next: 76%
Magic:  0/13       EV: 13    Int: 10    God:    Uskayaw [*.....]
Gold:   284        SH:  0    Dex: 14    Spells: 8/8 levels left

rFire   . .          .
                       - Unarmed
rCold   . . .        (no shield)
rNeg    . . .        (body armour unavailable)
rPois   .            (helmet currently unavailable)
rElec   .            (cloak currently unavailable)
rCorr   .            (gloves currently unavailable)
SInv    .            (boots currently unavailable)
Will    .....        a - amulet of guardian spirit
Stlth   +            (no ring)
HPRegen 0.32/turn    (no ring)
MPRegen 0.13/turn

%: guardian spirit
@: beast-form
A: beast (slay +2), mud breath, mud-swimmer, AC +12, amphibious, unfitting
armour, cold-blooded
a: Mud Breath, Begin Untransformation, Renounce Religion, Stomp


You were in a bailey.
You worshipped Uskayaw.
Uskayaw was noncommittal.
You were a hulking beast.
You visited 2 branches of the dungeon, and saw 8 of its levels.
You also visited: Bailey.

You collected 284 gold pieces.

Inventory:

Missiles
 i - 14 poisoned darts (quivered)
Jewellery
 a - an amulet of guardian spirit (around neck)
 g - a +6 ring of intelligence
 h - an amulet of faith
 r - a ring of wizardry
Talismans
 b - a beast talisman (active)
 c - a flux talisman
Wands
 x - a wand of flame (49)
Scrolls
 d - 2 scrolls of teleportation
 e - a scroll of fear {unknown}
 f - 2 scrolls of poison {unknown}
 n - 6 scrolls of identify
 o - 2 scrolls of fog {unknown}
 t - a scroll of enchant armour {unknown}
 u - a scroll of noise {unknown}
 w - 2 scrolls of enchant weapon {unknown}
 y - 3 scrolls of vulnerability {unknown}
Potions
 j - 2 potions of brilliance
 k - a potion of magic {unknown}
 m - 7 potions of degeneration
 p - a potion of haste {unknown}
 q - 2 potions of curing {unknown}
 s - a potion of berserk rage {unknown}
 v - 2 potions of enlightenment
 z - 2 potions of ambrosia


   Skills:
 - Level 5.0 Fighting
 + Level 3.5 Dodging
 + Level 11.2 Unarmed Combat
 + Level 6.1 Invocations
 + Level 4.2 Shapeshifting


You had 8 spell levels left.
You didn't know any spells.
Your spell library contained the following spells:

 Spells                   Type           Power      Damage    Failure   Level
 Sandblast                Erth           0%         2d4       36%         1
 Mercury Vapours          Alch/Air       0%         N/A       50%         2
 Frozen Ramparts          Ice            0%         1d1       75%         3
 Mephitic Cloud           Conj/Alch/Air  0%         N/A       75%         3
 Passwall                 Erth           0%         N/A       75%         3
 Stone Arrow              Conj/Erth      0%         3d7       75%         3
 Brom's Barrelling Bould  Conj/Erth      0%         2d3       98%         4
 Leda's Liquefaction      Alch/Erth      0%         N/A       98%         4
 Petrify                  Alch/Erth      0%         N/A       98%         4
 Freezing Cloud           Conj/Ice/Air   0%         6-21      100%        5
 Metabolic Englaciation   Hex/Ice        0%         N/A       100%        5


Dungeon Overview and Level Annotations

Branches:
Dungeon (7/15)             Temple (1/1) D:4          Bailey (1/1)

Altars:
Ashenzari
Cheibriados
Dithmenos
Elyvilon
Fedhas
Hepliaklqana
Kikubaaqudgha
Makhleb
Okawaru
Ru
Uskayaw
Vehumet
Wu Jian
Xom
Yredelemnul
The Shining One
Lugonu


Innate Abilities, Weirdness & Mutations

You are a hulking beast.
Your limbs bulge with bestial killing power. (Slay +2)
You can breathe torrents of mud.
You are unimpeded by mud.
Your dull iron-grey scales are very hard. (AC +12)
You are amphibious.
You cannot fit into any form of body armour.
You are cold-blooded and may be slowed by cold attacks.


Message History

The orc warrior is lightly wounded.
The orc warrior closely misses you.
You punch the orc warrior!
The orc warrior is heavily wounded.
You can now pass through a line of other dancers.
You hit the orc warrior.
The orc warrior is severely wounded.
The orc warrior hits you with a +0 broad axe!
You take 10 damage, and have 64/74 hp.
You now have 11/13 mp.
There is an open door here.
You punch the orc warrior!
The orc warrior is almost dead.
The orc warrior barely misses you.
You closely miss the orc warrior. You tail-slap the orc warrior.
The orc warrior is lightly wounded.
The orc warrior closely misses you.
Uskayaw will force your foes to helplessly watch your dance.
Uskayaw prepares the audience for your solo!
No target in view!
The helpless orc warrior fails to defend itself.
You punch the orc warrior! You punch the orc warrior.
The orc warrior is severely wounded.
The helpless orc warrior fails to defend itself.
You hit the orc warrior.
The orc warrior is almost dead.
The orc warrior is no longer paralysed. x2
You hit the orc warrior.
You kill the orc warrior!
Uskayaw will force your foes to share their pain.
You punch the orc warrior!
You kill the orc warrior!
No target in view!
There is an open door, spattered with blood here.
Things that are here:
a +0 broad axe; a +0 scale mail; an orc corpse An orc warrior comes into view.
It is wielding the +1 glaive "Irogreem" {freeze, rF++ rC- Will- Str+8}.
Things that are here:
a +0 war axe; a boomerang; a ring of flight Health restored: 74; MP restored: 13 An orc warrior is nearby!
You start waiting.
An orc warrior is nearby!
The orc warrior attacks as it pursues you!
The orc warrior hits you from afar with the +1 glaive "Irogreem"!
The orc warrior freezes you!
You take 18 damage, and have 56/74 hp.
MASSIVE DAMAGE!!
You now have 10/13 mp.
The orc warrior hits you with the +1 glaive "Irogreem"!
You feel yourself slow down. The orc warrior freezes you.
You take 11 damage, and have 45/74 hp.
You now have 9/13 mp.
You punch the orc warrior! Your punch misses the orc warrior.
The orc warrior is heavily wounded.
The orc warrior hits you with the +1 glaive "Irogreem"!
The orc warrior freezes you.
You take 10 damage, and have 35/74 hp.
You now have 7/13 mp.
You hit the orc warrior.
The orc warrior is heavily wounded.
You feel yourself speed up.
The orc warrior hits you with the +1 glaive "Irogreem"!!
* * * LOW HITPOINT WARNING * * *
The orc warrior freezes you!
* * * LOW HITPOINT WARNING * * *
You take 25 damage, and have 10/74 hp.
MASSIVE DAMAGE!!
You now have 3/13 mp.
You barely miss the orc warrior.
The orc warrior is heavily wounded.
The orc warrior barely misses you.
Unknown command.
Press: ? - help, v - describe, . - travel, g - get item
Here: an orc warrior, wielding the +1 glaive "Irogreem" {freeze, rF++ rC- Will- Str+8} and wearing a +0 plate armour (heavily wounded)
Items here: a +0 war axe; a boomerang; a ring of flight.
The floor, spattered with blood.
Unknown command.
Okay, then.
Unknown command.
Okay, then.
Unknown command.
Throw: throwing net
Press: ? - help, Shift-Dir - straight line, f - orc warrior
Aim: an orc warrior, wielding the +1 glaive "Irogreem" {freeze, rF++ rC- Will- Str+8} and wearing a +0 plate armour (heavily wounded, 60% to hit)
You throw a throwing net.
The throwing net completely misses the orc warrior.
The orc warrior misses you.
Okay, then.
Unknown command.
Unknown command.
Unknown command.
Unknown command.
The orc warrior hits you but does no damage.
There is an open door, spattered with blood here.
Things that are here:
a +0 broad axe; a +0 scale mail; an orc corpse The orc warrior attacks as it pursues you!
The orc warrior hits you from afar with the +1 glaive "Irogreem"!
* * * LOW HITPOINT WARNING * * *
The orc warrior freezes you.
* * * LOW HITPOINT WARNING * * *
You take 9 damage, and have 2/74 hp.
You now have 0/13 mp.
The orc warrior attacks as it pursues you!
The orc warrior hits you from afar with the +1 glaive "Irogreem".
You die...
Your body falls in perfect tune with the rhythm.

####.............##
###.........≈≈≈≈≈≈≈≈##
##.......≈≈≈≈≈≈≈≈≈≈≈≈≈≈
##......≈≈≈≈≈#########≈≈
###....~≈≈≈≈≈≈∩#.ggo.og#∩≈
###≈≈≈≈≈≈≈~≈≈)####..o....###
#≈≈≈≈≈≈≈≈...).#..####'####..
######......###...^..o......
###....h#.'((####'####..
##.......###..# ..o #..
#.....⌠..o.#o.# #..
##.........#)## ###
##.........).#########..
####.......)).).)......
#############.######
#.#..... ##.....)


You could see an orc warrior.

Vanquished Creatures
  Pikel (D:4)
  Eustachio (D:5)
  Duvessa (D:3)
  3 orc warriors (Bailey)
  A sky beast (D:6)
  A black bear (D:6)
  5 ogres
  A centaur (D:6)
  A lemure (D:4)
  A kobold brigand (D:6)
  2 bullfrogs
  8 scorpions
  4 wights (D:7)
  Dowan (D:3)
  2 bombardier beetles
  2 orc priests
  2 hounds
  4 jellies
  A sleepcap (D:6)
  5 iguanas
  2 orc wizards
  8 gnolls
  7 adders
  A shadow imp (D:5)
  A white imp (D:5)
  4 ufetubi (D:6)
  6 dart slugs
  3 ribbon worms
  22 orcs
  12 ball pythons
  10 endoplasms
  8 giant cockroaches
  15 goblins
  5 hobgoblins
  6 jackals
  4 quokkas
  8 bats
  5 frilled lizards
  15 kobolds
  7 rats
196 creatures vanquished.

Notes
Turn   | Place    | Note
-------+----------+-------------------------------------------
     0 | D:1      | backslashecho the Draconian Shapeshifter began the quest
                  | for the Orb.
     0 | D:1      | Reached XP level 1. HP: 16/16 MP: 1/1
   271 | D:1      | Reached XP level 2. HP: 20/23 MP: 2/2
   598 | D:1      | Reached XP level 3. HP: 28/29 MP: 3/3
   711 | D:1      | Reached skill level 4 in Unarmed Combat
  1220 | D:2      | Reached XP level 4. HP: 37/37 MP: 4/4
  1234 | D:2      | Found a glowing golden altar of the Shining One.
  2163 | D:3      | Reached XP level 5. HP: 33/45 MP: 5/5
  2250 | D:3      | Reached skill level 5 in Unarmed Combat
  2618 | D:4      | Noticed Duvessa
  2619 | D:4      | Noticed Dowan
  2633 | D:3      | HP: 3/67 [Dowan/+0 dagger (2)]
  2634 | D:3      | Killed Duvessa
  2635 | D:3      | Reached XP level 6. HP: 4/52 MP: 6/6
  2646 | D:3      | Killed Dowan
  2831 | D:4      | Reached skill level 6 in Unarmed Combat
  3086 | D:4      | Your scales start taking on a dull iron-grey colour.
  3086 | D:4      | Reached XP level 7. HP: 17/60 MP: 1/7
  3343 | D:4      | Found a staircase to the Ecumenical Temple.
  3357 | Temple   | Entered the Ecumenical Temple
  3377 | Temple   | Became a worshipper of Uskayaw the Reveller
  3494 | D:4      | Noticed Pikel
  3515 | D:4      | Reached * piety under Uskayaw
  3518 | D:4      | Reached ** piety under Uskayaw
  3524 | D:4      | Reached *** piety under Uskayaw
  3525 | D:4      | Reached **** piety under Uskayaw
  3526 | D:4      | Killed Pikel
  3527 | D:4      | Reached skill level 5 in Fighting
  3527 | D:4      | Reached skill level 8 in Unarmed Combat
  3586 | D:4      | Found a hazy altar of Hepliaklqana.
  3606 | D:4      | Reached XP level 8. HP: 68/68 MP: 8/8
  3654 | D:4      | Found a snail-covered altar of Cheibriados.
  3796 | D:3      | Identified the +3 ring mail of Lareky {^Contam rElec Dex+4}
  4065 | D:5      | Entered Level 5 of the Dungeon
  4106 | D:5      | Reached skill level 1 in Invocations
  4136 | D:5      | Reached skill level 9 in Unarmed Combat
  4345 | D:5      | Found a white marble altar of Elyvilon.
  4558 | D:5      | Noticed Eustachio
  4575 | D:5      | Killed Eustachio
  4812 | D:6      | Found an ornate altar of the Wu Jian Council.
  4903 | D:6      | Reached skill level 10 in Unarmed Combat
  4964 | D:6      | Found a shimmering altar of Xom.
  5052 | D:6      | Reached XP level 9. HP: 71/74 MP: 12/12
  5374 | D:6      | Found a blossoming altar of Fedhas.
  5411 | D:6      | Reached skill level 5 in Invocations
  5763 | D:7      | Found a burning altar of Makhleb.
  5770 | D:7      | Reached skill level 11 in Unarmed Combat
  5792 | D:6      | Reached ***** piety under Uskayaw
  5869 | D:7      | Found a flagged portal.
  5895 | Bailey   | Entered a bailey
  6148 | Bailey   | Identified the +1 glaive "Irogreem" {freeze, rF++ rC- Will-
                  | Str+8}
  6162 | Bailey   | HP: 2/74 [orc warrior/the +1 glaive "Irogreem" {freeze,
                  | rF++ rC- Will- Str+8} (2)]
  6166 | Bailey   | Slain by an orc warrior

Illustrated notes

Levels and vault maps discovered:
D:1:      mrwooster_arrival_statue_3, layout_basic
D:2:      layout_rooms, basic_altar
D:3:      layout_basic
D:4:      layout_rooms, mainiacjoe_overflow_chevrons, cheibrodos_worm_habitat,
          minmay_temple_entry_mist, minmay_misc_feat_tiny,
          serial_park_tiny_pond, uniq_duvessa, uniq_pikel
D:5:      layout_rooms, elyvilon_altar_3, hangedman_abyss_or_decor_lesser_grid,
          solitary_fountain, kennysheep_path_1, uniq_eustachio
D:6:      layout_basic, fedhas_bush_and_centaur_altar,
          brannock_xom_greatest_gift, mainiacjoe_overflow_catwalk,
          blue_anna_alchemist, chequers_serial_rivers_small_3
D:7:      layout_basic, lemuel_tele_altar, bloody_makhleb, enter_bailey_5,
          minmay_misc_feat_roman, uniq_jeremiah, uniq_joseph
Temple:   corrupted_temple
Bailey:   bailey_axe_4, bailey

Skill      XL: |  1  2  3  4  5  6  7  8  9 |
---------------+----------------------------+-----
Dodging        | 2 3 |  3.5
Fighting       | 2 3 4 5 |  5.0
Unarmed Combat | 4 5 6 8 10 11 | 11.2
Invocations    | 4 6 |  6.1
Shapeshifting  | 4 |  4.2

Action                     |  1- 3 |  4- 6 |  7- 9 || total
---------------------------+-------+-------+-------++-------
  Melee: Unarmed           |   130 |   167 |   269 ||   566
         Tailslap          |    12 |    18 |    44 ||    74
         Punch             |     2 |     6 |    14 ||    22
  Throw: Dart              |       |     9 |     2 ||    11
         Throwing net      |       |     1 |     1 ||     2
Ability: Mud Breath        |       |       |     5 ||     5
    Use: Potion            |       |     2 |       ||     2
         Scroll            |       |       |     2 ||     2
   Stab: Sleeping          |     1 |       |     2 ||     3
         Paralysed         |       |       |    14 ||    14
 Armour: Skin              |    86 |    85 |   160 ||   331
  Dodge: Dodged            |   104 |    75 |   209 ||   388

Table legend: (Time is in decaauts)
 A = Elapsed time spent in this place.
 B = Non-inter-level travel time spent in this place.
 C = Inter-level travel time spent in this place.
 D = Time resting spent in this place.
 E = Time spent auto-exploring this place.
 F = Levels seen in this place.
 G = Mean time per level.
                   A        B        C        D        E       F      G
               +--------+--------+--------+--------+--------+-----+--------+
         Total |   6099 |   5602 |    497 |    396 |   3519 |   9 |  677.7 |
       Dungeon |   5787 |   5290 |    497 |    392 |   3411 |   7 |  826.7 |
        Temple |     49 |     49 |      0 |      0 |      0 |   1 |   49.0 |
        Bailey |    262 |    262 |      0 |      4 |    108 |   1 |  262.0 |
               +--------+--------+--------+--------+--------+-----+--------+

Top non-repeatable levels by time:
     D:1: 1280 daAuts
     D:6: 1088 daAuts
     D:4: 978 daAuts
     D:3: 931 daAuts
     D:2: 806 daAuts
     D:5: 622 daAuts
  Bailey: 262 daAuts
     D:7: 79 daAuts
  Temple: 49 daAuts
